Map: Kairos Junction LE

Players

Reynor - Winner!

  • Race: Zerg Zerg
  • League: Master
  • Spawn Location: 5:00

InZaNe

  • Race: Terran Terran
  • League: Grandmaster
  • Spawn Location: 11:00

Event: HomeStory Cup XIX

VOD

Have the link to the VOD?

Description

Time

  • Played on: June 27, 2019, 12:20 p.m.
  • Length: 8:57

All games in this series

Show
View Real Time Build Order
Export as new Build Order

Reynor Zerg - Winner!

Build Orders: Hatch First 

Get SALT Encoding   

  12  0:00  Drone  
  13  0:12  Overlord  
  13  0:16  Drone  
  14  0:30  Drone x2  
  16  0:48  Hatchery  
  15  0:51  Drone  
  15  0:55  Drone  
  17  0:59  Drone  
  18  1:08  Extractor  
  17  1:14  Spawning Pool  
  17  1:17  Drone  
  17  1:19  Drone  
  18  1:27  Drone  
  19  1:38  Drone  
  20  1:48  Overlord  
  20  2:00  Zergling x4  
  20  2:01  Queen  
  24  2:03  Queen  
  26  2:10  Drone x2  
  28  2:22  Drone x2  
  30  2:28  Hatchery  
  29  2:34  Spore Crawler  
  28  2:37  Drone  
  28  2:41  Metabolic Boost, Drone  
  31  2:46  Queen  
  33  2:51  Overlord  
  33  2:54  Drone  
  33  2:57  Drone  
  35  2:59  Drone  
  36  3:10  Overlord  
  36  3:11  Drone x2  
  36  3:12  Drone x2  
  40  3:17  Drone x2  
  42  3:22  Queen  
  44  3:29  Drone x2  
  46  3:35  Baneling Nest  
  46  3:36  Zergling x2  
  46  3:38  Zergling x2  
  47  3:42  Drone x4  
  47  3:47  Overlord  
  51  3:52  Zergling x4  
  51  3:53  Queen  
  55  3:57  Overlord  
  55  4:01  Zergling x2  
  56  4:04  Drone  
  56  4:09  Drone  
  58  4:12  Overlord  
  58  4:14  Zergling x2  
  58  4:16  Spore Crawler  
  58  4:18  Drone x3  
  58  4:22  Queen  
  58  4:23  Overlord  
  58  4:24  Zergling x2  
  64  4:25  Drone  
  65  4:32  Overlord  
  65  4:33  Drone x3  
  65  4:37  Baneling x2, Drone x2  
  70  4:39  Lair  
  70  4:42  Drone x2  
  70  4:44  Spore Crawler  
  71  4:48  Drone x4  
  71  4:52  Overlord  
  75  4:54  Drone x2  
  75  4:58  Extractor  
  76  5:02  Drone x3  
  78  5:08  Drone x2  
  80  5:16  Zergling x6  
  80  5:17  Zergling x2  
  80  5:18  Overlord  
  80  5:20  Drone x3  
  84  5:21  Hatchery  
  84  5:25  Extractor  
  84  5:27  Evolution Chamber  
  84  5:28  Zergling x4, Evolution Chamber  
  82  5:32  Zergling x2  
  83  5:37  Zergling x2, Extractor  
  83  5:39  Zergling x6  
  83  5:41  Centrifical Hooks, Overlord  
  83  5:42  Zergling x10  
  91  5:43  Zergling x4  
  93  5:52  Zergling x6  
  93  5:54  Baneling x2  
  96  5:59  Baneling x5  
  96  6:02  Zergling x2  
  96  6:03  Zergling x2  
  98  6:05  Zergling x2  
  98  6:07  Zergling x2  
  98  6:08  Zergling x4, Queen  
  98  6:10  Overlord  
  103  6:11  Zergling x10  
  103  6:13  Zerg Ground Armor Level 1  
  103  6:14  Drone  
  103  6:18  Drone  
  110  6:20  Zergling x2  
  110  6:24  Overlord  
  105  6:26  Drone  
  105  6:29  Drone  
  105  6:35  Drone  
  105  6:36  Drone  
  105  6:39  Zerg Melee Weapons Level 1  
  105  6:40  Overlord  
  105  6:42  Drone x7  
  105  6:45  Queen  
  112  6:50  Overlord  
  112  6:51  Zergling x6  
  112  6:52  Drone  
  112  6:53  Zergling x2  
  116  6:54  Baneling x3  
  116  6:55  Baneling x2  
  116  6:59  Zergling x4  
  117  7:02  Drone  
  117  7:07  Overlord  
  118  7:08  Zergling x6  
  118  7:09  Zergling x4  
  118  7:13  Zergling x2  
  118  7:15  Drone  
  125  7:17  Infestation Pit, Zergling x12  
  125  7:20  Overlord  
  125  7:21  Hatchery  
  128  7:25  Zergling x4  
  128  7:26  Baneling x9  
  128  7:29  Zergling x2  
  131  7:34  Drone x5  
  131  7:36  Zergling x2  
  137  7:39  Zergling x2  
  137  7:41  Zergling x8  
  142  7:46  Overlord  
  142  7:48  Zergling x2  
  142  7:49  Zergling x8  
  146  7:52  Baneling x6  
  146  7:54  Pneumatized Carapace  
  146  7:57  Zergling x4  
  147  8:05  Zergling x16  
  137  8:10  Zergling x6  
  132  8:14  Queen  
  132  8:16  Zergling x2  
  132  8:18  Zergling x2  
  132  8:19  Zergling x2  
  134  8:23  Zergling x2  
  134  8:24  Zergling x2  
  134  8:25  Zergling x4  
  137  8:29  Zergling x4  
  137  8:30  Zergling x8  
  137  8:31  Zergling x4  
  137  8:32  Zergling x2  
  139  8:40  Drone x3, Extractor  
  141  8:44  Drone x4  
Show
View Real Time Build Order
Export as new Build Order

InZaNe Terran 

Build Orders: Reaper Expand 

Get SALT Encoding   

  12  0:00  SCV  
  13  0:12  SCV  
  14  0:17  Supply Depot  
  14  0:24  SCV  
  15  0:38  SCV  
  15  0:40  Barracks  
  16  0:44  Refinery  
  16  0:50  SCV  
  17  1:02  SCV  
  18  1:14  SCV  
  19  1:27  Orbital Command  
  19  1:28  Reaper  
  20  1:41  Command Center  
  20  1:52  SCV  
  21  1:55  Supply Depot  
  21  1:59  Marine  
  22  2:05  SCV  
  23  2:11  Factory  
  23  2:17  SCV  
  24  2:29  SCV  
  25  2:40  Barracks Reactor  
  25  2:41  SCV  
  26  2:46  Command Center  
  26  2:53  SCV  
  26  2:54  Orbital Command  
  27  3:00  Hellion  
  27  3:05  SCV  
  30  3:17  SCV  
  31  3:20  SCV  
  31  3:24  Barracks Tech Lab  
  32  3:28  Hellion x2  
  32  3:29  SCV  
  32  3:33  SCV  
  38  3:41  SCV  
  38  3:42  Stimpack, Marine  
  38  3:45  SCV, Starport  
  41  3:49  Hellion x2  
  41  3:54  SCV  
  46  3:58  Orbital Command, SCV  
  46  3:59  Marine  
  46  4:02  Refinery  
  48  4:03  Refinery  
  48  4:06  SCV  
  49  4:10  SCV  
  49  4:14  Barracks  
  49  4:16  Barracks  
  50  4:18  SCV  
  50  4:20  Marine  
  50  4:22  SCV  
  53  4:25  Starport Reactor  
  53  4:26  Factory Reactor  
  53  4:28  SCV  
  53  4:30  SCV  
  55  4:34  SCV, Supply Depot  
  55  4:35  Supply Depot  
  56  4:40  Marine, SCV  
  56  4:42  SCV  
  59  4:46  SCV  
  59  4:48  Engineering Bay  
  59  4:49  Engineering Bay  
  61  4:55  SCV  
  61  4:58  Marine, SCV, Supply Depot  
  63  5:01  Orbital Command  
  63  5:06  Marine x2  
  65  5:07  SCV  
  65  5:09  Medivac x2  
  65  5:10  Factory Tech Lab, SCV  
  65  5:11  Marine x2  
  73  5:18  Marine  
  73  5:19  SCV  
  69  5:22  SCV  
  69  5:24  Marine x2  
  71  5:29  Marine x2  
  71  5:31  Siege Tank  
  71  5:33  SCV x2  
  71  5:34  Barracks, SCV  
  77  5:36  Marine  
  77  5:37  Refinery  
  77  5:42  Medivac x2  
  82  5:43  Barracks  
  82  5:47  Marine x3  
  85  5:53  Terran Infantry Weapons Level 1  
  85  5:57  Supply Depot  
  85  5:59  Terran Infantry Armor Level 1  
  85  6:05  Marine, SCV, Supply Depot  
  85  6:06  Marine  
  85  6:07  SCV  
  85  6:08  Marine  
  85  6:09  Orbital Command  
  84  6:11  Marine  
  84  6:14  Marine  
  85  6:18  SCV  
  85  6:19  SCV  
  85  6:22  Marine  
  85  6:24  Marine  
  86  6:26  Marine  
  86  6:30  SCV  
  86  6:31  SCV  
  86  6:32  Barracks Reactor x2  
  85  6:36  Marine x2  
  84  6:42  SCV  
  84  6:43  SCV x2  
  84  6:44  Marine x3  
  79  6:52  Siege Tank  
  79  6:53  Combat Shield  
  79  6:54  Marine x2  
  81  6:55  SCV x3  
  85  7:01  Marine  
  85  7:02  Marine x2  
  85  7:05  Armory  
  85  7:07  SCV x3  
  91  7:08  Medivac x2  
  91  7:09  Marine  
  91  7:10  Marine x3  
  91  7:11  Marine x2  
  101  7:19  Marine, Supply Depot x2  
  98  7:22  Marine  
  98  7:23  Marine, Supply Depot  
  98  7:25  SCV  
  101  7:35  Marine x5, SCV x2, Supply Depot  
  101  7:36  Marine  
  109  7:41  SCV  
  109  7:44  Barracks  
  110  7:47  Barracks  
  110  7:51  Marine x3  
  113  7:52  Barracks  
  113  7:54  Supply Depot  
  113  8:01  Marine  
  104  8:06  Marine  
  104  8:09  SCV  
  104  8:11  Marine  
  90  8:12  SCV  
  90  8:18  Marine x6  
  90  8:19  Marine  
  95  8:23  Marine  
  95  8:29  Marine  
  95  8:33  Marine x2  
  88  8:34  SCV x2  
  88  8:35  SCV  
  88  8:36  Marine x6  
  88  8:37  Marine  
Tags
 
Add a new tag
Caveats
  • Supply blocks, unpowered buildings, or Contaminate may cause inaccurate times.
  • Supply counts are checked every 10 seconds.